 Dungeon Crawl Stone Soup version 0.30.1-4-g462c640d31 (webtiles) character file.

Game seed: 11826825749717767999

114 ChiefBigBeans the Trooper (level 4, -10/50 HPs)
             Began as an Ogre Fighter on Aug 31, 2023.
             Mangled by Menkaure (19 damage)
             ... on level 5 of the Dungeon.
             The game lasted 00:06:05 (2462 turns).

ChiefBigBeans the Trooper (Ogre Fighter)            Turns: 2462, Time: 00:06:06

Health: -10/50     AC:  3    Str: 22    XL:     4   Next: 97%
Magic:  4/4        EV:  9    Int:  9    God:
Gold:   154        SH:  9    Dex: 14    Spells: 3/3 levels left

rFire   . . .        t - +6 hammer
rCold   . . .        c - +0 kite shield
rNeg    . . .        b - +0 robe
rPois   .            (helmet restricted)
rElec   .            (no cloak)
rCorr   .            (gloves unavailable)
SInv    .            (boots unavailable)
Will    .....        (no amulet)
Stlth   +            e - +6 ring of dexterity
HPRegen 0.28/turn    (no ring)
MPRegen 0.09/turn

%: no passive effects
@: no status effects
A: large, unfitting armour, tough skin 1
a: no special abilities


You were on level 5 of the Dungeon.
You visited 1 branch of the dungeon, and saw 5 of its levels.

You collected 154 gold pieces.

Inventory:

Hand Weapons
 a - a +0 long sword
 t - a +6 hammer (weapon)
Armour
 b - a +0 robe (worn)
 c - a +0 kite shield (worn)
 i - a +0 scale mail
Jewellery
 e - a +6 ring of dexterity (left hand)
Wands
 s - a wand of polymorph (12)
Scrolls
 f - 2 scrolls of magic mapping {unknown}
 j - 2 scrolls of teleportation {unknown}
 k - a scroll of amnesia {unknown}
 l - a scroll of butterflies {unknown}
 m - 2 scrolls of brand weapon {unknown}
 n - a scroll of noise {unknown}
 q - a scroll of poison {unknown}
 r - a scroll of immolation {unknown}
 u - a scroll of enchant weapon {unknown}
Potions
 d - a potion of might
 g - a potion of ambrosia {unknown}
 h - a potion of attraction {unknown}
 o - a potion of invisibility {unknown}
 p - a potion of cancellation {unknown}


   Skills:
 + Level 5.0 Fighting
 - Level 2.4 Long Blades
 + Level 0.7 Maces & Flails
 + Level 1.5 Armour
 - Level 2.6 Dodging
 + Level 3.7 Shields


You had 3 spell levels left.
You didn't know any spells.
Your spell library was empty.

Dungeon Overview and Level Annotations

Branches:
Dungeon (5/15)
 Temple: D:4-7

Altars:
Fedhas

Annotations:
D:2 1 runed translucent door, Crazy Yiuf
D:3 Sigmund
D:4 Eustachio
D:5 Menkaure


Innate Abilities, Weirdness & Mutations

You are too large for most types of armour.
You have tough skin. (AC +1)


Message History

The adder bites you but does no damage. You block the adder's attack.
You barely miss the adder.
You feel sick. The adder barely misses you.
The adder bites you but does no damage.
You sock the adder!
The adder is almost dead.
You feel sick. The adder bites you. You block the adder's attack.
You sock the adder!
You kill the adder!
You feel sick.
You are no longer poisoned.
No target in view!
No target in view!
No target in view!
No target in view!
HP restored.
You now have 154 gold pieces (gained 10).
Found 8 stones.
Menkaure is nearby!
Menkaure shouts!
Found 4 stones.
Menkaure gestures wildly while chanting.
Menkaure seems to speed up.
You hit Menkaure but do no damage. Menkaure hits you!!
You block Menkaure's attack.
You completely miss Menkaure. Menkaure completely misses you.
You block Menkaure's attack.
You sock Menkaure!
Menkaure is heavily damaged.
Menkaure closely misses you.
You hit Menkaure but do no damage.
Menkaure is heavily damaged.
Menkaure hits you. Menkaure hits you!
* * * LOW HITPOINT WARNING * * *
You are too injured to fight recklessly!
You are too injured to fight recklessly!
You are too injured to fight recklessly!
You are too injured to fight recklessly!
You are too injured to fight recklessly!
Menkaure hits you!!
You die...

.................# ...
.................# ....
...........#.....##.....
.......<)..........(....
........##.#.....##.....
.##..PP........).#####.#
#P.PPP...............#
#PP_PP#...##...M.....#
#P.P.P##......@......(.
#.PPP.###.##.<.......##
#.....# #.###..........
........ #.# #..........
....... #.# #.....#.##.
..# ....###.# ..# ....#
. .....##..


You could see Menkaure (fast).

Vanquished Creatures
  A hound (D:5)
  3 adders
  A worm (D:2)
  2 dart slugs (D:1)
  4 orcs
  4 bats
  3 endoplasms
  3 giant cockroaches
  2 goblins
  7 hobgoblins
  3 kobolds (D:1)
  3 quokkas
  3 ball pythons
  A frilled lizard (D:3)
  5 rats
45 creatures vanquished.

Notes
Turn   | Place    | Note
-------+----------+-------------------------------------------
     0 | D:1      | ChiefBigBeans the Ogre Fighter began the quest for the Orb.
     0 | D:1      | Reached XP level 1. HP: 24/24 MP: 1/1
   100 | D:1      | Reached XP level 2. HP: 32/32 MP: 2/2
   306 | D:1      | Found a faded altar of an unknown god.
   478 | D:1      | Reached XP level 3. HP: 31/40 MP: 3/3
   832 | D:2      | Reached skill level 1 in Armour
  1263 | D:2      | Reached XP level 4. HP: 42/49 MP: 4/4
  1493 | D:2      | Found a runed translucent door.
  1494 | D:2      | Noticed Crazy Yiuf
  1729 | D:3      | Noticed Sigmund
  2360 | D:4      | Noticed Eustachio
  2377 | D:5      | Entered Level 5 of the Dungeon
  2377 | D:5      | Found a blossoming altar of Fedhas.
  2383 | D:5      | Noticed Menkaure
  2395 | D:5      | Reached skill level 5 in Fighting
  2462 | D:5      | Mangled by Menkaure

Illustrated notes

Levels and vault maps discovered:
D:1:      lightli_arrival_quake, layout_rooms,
          shapermc_ecumenical_altar_starsandcircs, minmay_domino_2
D:2:      layout_basic, uniq_crazy_yiuf_cottage
D:3:      layout_loops_cross, minmay_joined_circles, uniq_sigmund, uniq_jessica,
          uniq_grinder, uniq_terence, uniq_ijyb
D:4:      layout_loops_ring, minmay_misc_feat_x, nicolae_titane, uniq_eustachio,
          uniq_blork_the_orc, uniq_pikel
D:5:      layout_rooms, fedhas_altar_3, uniq_menkaure

Skill      XL: |  1  2  3  4 |
---------------+-------------+-----
Long Blades    | 2 |  2.4
Armour         | 1 |  1.5
Fighting       | 5 |  5.0
Maces & Flails | |  0.7
Dodging        | |  2.6
Shields        | |  3.7

Action                     |  1- 3 |  4- 6 || total
---------------------------+-------+-------++-------
  Melee: Long sword        |   103 |     1 ||   104
         Mace              |       |    36 ||    36
   Stab: Sleeping          |     1 |       ||     1
 Armour: Robe              |    28 |     7 ||    35
  Dodge: Dodged            |    37 |    14 ||    51
  Block: Kite shield       |    53 |    32 ||    85
